 Dungeon Crawl Stone Soup version 0.27-a0-1273-gec92ba881d (webtiles) character file.

Game seed: 6645751536700060992

26 bobarctor the Grave Robber (level 2, 12/15 HPs)
             Began as a Deep Elf Necromancer on June 11, 2021.
             Was an Initiate of Ashenzari.
             Got out of the dungeon alive.
             The game lasted 00:02:42 (857 turns).

bobarctor the Grave Robber (Deep Elf Necromancer)    Turns: 857, Time: 00:02:42

Health: 12/15      AC:  2    Str:  5    XL:     2   Next: 89%
Magic:  8/8        EV: 13    Int: 19    God:    Ashenzari [......]
Gold:   24         SH:  0    Dex: 15    Spells: 6/8 levels left

rFire    . . .     SeeInvis .   c - +1 dagger (drain)
rCold    . . .     Faith    .   (no shield)
rNeg     . . .     Spirit   .   a - +0 robe
rPois    .         Reflect  .   (no helmet)
rElec    .         Harm     .   (no cloak)
rCorr    .         Rampage  .   (no gloves)
Will     .....                  (no boots)
Stlth    ++........             (no amulet)
HPRegen  0.05/turn              (no ring)
MPRegen  0.11/turn              (no ring)

@: no status effects
A: no striking features
a: Renounce Religion, Curse Item


You escaped.
You worshipped Ashenzari.
Ashenzari was noncommittal.
You visited 1 branch of the dungeon, and saw 1 of its levels.

You collected 24 gold pieces.

Inventory:

Hand Weapons
 c - a +1 dagger of draining (weapon)
Missiles
 e - 10 arrows
Armour
 a - a +0 robe (worn)
Potions
 b - a potion of lignification
 d - a potion of curing


   Skills:
 + Level 2.7 Dodging
 + Level 2.4 Stealth
 * Level 3.7 Spellcasting
 + Level 5.4 Necromancy


You had 6 spell levels left.
You knew the following spells:

 Your Spells              Type           Power      Damage    Failure   Level
a - Pain                  Necr           96%        1d8       1%          1
b - Animate Skeleton      Necr           48%        N/A       1%          1

Your spell library contained the following spells:

 Spells                   Type           Power      Damage    Failure   Level
 Vampiric Draining        Necr           12%        2d7       4%          3
 Animate Dead             Necr           12%        N/A       16%         4
 Agony                    Necr           24%        N/A       38%         5


Dungeon Overview and Level Annotations

Branches:
Dungeon (1/15)

Altars:
Ashenzari


Message History

An endoplasm and a goblin come into view.
The goblin shouts!
The endoplasm quivers.
The goblin moves out of view.
Found a stone staircase leading down.
Casting: Pain (safe; 1% risk of failure)
Confirm with . or Enter, or press ? or * to list all spells.
Aiming: Pain (safe; 1% risk of failure)
Press: ? - help, Shift-Dir - straight line, f - endoplasm
Aim: an endoplasm (chance to affect: 92%)
The endoplasm writhes in agony!
You kill the endoplasm!
A goblin comes into view. It is wielding a +0 club.
Casting: Pain (safe; 1% risk of failure)
Confirm with . or Enter, or press ? or * to list all spells.
Aiming: Pain (safe; 1% risk of failure)
Press: ? - help, Shift-Dir - straight line, f - goblin
Aim: a goblin, wielding a +0 dagger (chance to affect: 92%)
The goblin writhes in agony.
The goblin shouts!
Casting: Pain (safe; 1% risk of failure)
Confirm with . or Enter, or press ? or * to list all spells.
You don't know that spell.
Casting: Pain (safe; 1% risk of failure)
Confirm with . or Enter, or press ? or * to list all spells.
Aiming: Pain (safe; 1% risk of failure)
Press: ? - help, Shift-Dir - straight line, f/p - goblin
Aim: a goblin, wielding a +0 dagger (heavily wounded, chance to affect: 92%)
The goblin writhes in agony.
You kill the goblin!
Casting: Pain (safe; 1% risk of failure)
Confirm with . or Enter, or press ? or * to list all spells.
Aiming: Pain (safe; 1% risk of failure)
Press: ? - help, Shift-Dir - straight line, f - goblin
Aim: a goblin, wielding a +0 club (chance to affect: 93%)
The goblin writhes in agony!
You kill the goblin!
There is a staircase leading out of the dungeon here.
Are you sure you want to leave the Dungeon?
This will make you lose the game!
You have escaped!

# #.# #.# # #.# #.# #
#.#
#.################ #
#.#
#................. .
#.#
#.######......######.
. #.
#....................
.
#.##..##......##..##
.
#....................
.
##########@>#########
. #### . # ## ####
... #.. ... #.# #.###
#.#.....#


There were no monsters in sight!

Vanquished Creatures
  A dart slug (D:1)
  4 endoplasms (D:1)
  2 giant cockroaches (D:1)
  4 hobgoblins (D:1)
  A kobold (D:1)
  A quokka (D:1)
  A bat (D:1)
  A frilled lizard (D:1)
  3 goblins (D:1)
  3 rats (D:1)
21 creatures vanquished.

Notes
Turn   | Place    | Note
-------+----------+-------------------------------------------
     0 | D:1      | bobarctor the Deep Elf Necromancer began the quest for the
                  | Orb.
     0 | D:1      | Reached XP level 1. HP: 10/10 MP: 6/6
    33 | D:1      | Reached skill level 5 in Necromancy
   305 | D:1      | Reached XP level 2. HP: 13/15 MP: 6/8
   307 | D:1      | Learned a level 1 spell: Animate Skeleton
   776 | D:1      | Found a faded altar of an unknown god.
   784 | D:1      | Became a worshipper of Ashenzari the Shackled
   857 | D:$      | Got out of the dungeon alive.

Illustrated notes

Levels and vault maps discovered:
D:1:      dpeg_arrival_line_fractal, layout_loops_ring,
          ebering_ecumenical_altar_abandoned, st_stairs_3,
          ebering_dispersal_statue_hall, serial_bayou_pond_d

Skill      XL: |  1 |
---------------+----+-----
Necromancy     | 5 |  5.4
Dodging        | |  2.7
Stealth        | |  2.4
Spellcasting   | |  3.7

Action                   || total
-------------------------++-------
 Cast: Pain              ||    35
Dodge: Dodged            ||     1

Table legend: (Time is in decaauts)
 A = Elapsed time spent in this place.
 B = Non-inter-level travel time spent in this place.
 C = Inter-level travel time spent in this place.
 D = Time resting spent in this place.
 E = Time spent auto-exploring this place.
 F = Levels seen in this place.
 G = Mean time per level.
                   A        B        C        D        E       F      G
               +--------+--------+--------+--------+--------+-----+--------+
         Total |    856 |    799 |     57 |    204 |    512 |   1 |  856.0 |
       Dungeon |    856 |    799 |     57 |    204 |    512 |   1 |  856.0 |
               +--------+--------+--------+--------+--------+-----+--------+

Top non-repeatable levels by time:
     D:1: 856 daAuts
